 Dungeon Crawl Stone Soup version bcrawl-1.40.3b (webtiles) character file.

Game seed: 4947613293483345073

302707 Finalfun the Quickloader (level 9, -4/74 HPs)
             Began as a Minotaur Archaeologist on Mar 16, 2024.
             Was a Believer of Lugonu.
             Slain by an orc
             ... wielding a +0 flail
              (5 damage)
             ... on level 7 of the Dungeon.
             The game lasted 00:13:02 (5797 turns).

Finalfun the Quickloader (Minotaur Archaeologist)   Turns: 5797, Time: 00:13:03

Health: -4/74      AC: 10    Str: 19    XL:     9   Next: 35%
Magic:  11/11      EV: 10    Int: 11    God:    Lugonu [**....]
Gold:   520        SH:  0    Dex:  9    Spells: 8/8 levels left

rFire    . . .     GDR:     21% b - +1 triple crossbow (flame)
rCold    . . .     SeeInvis .   (shield currently unavailable)
rNeg     . . .     Gourm    .   v - +0 scale mail
rPois    .         Faith    .   d - +2 hat
rElec    .         Spirit   .   (no cloak)
rCorr    .         Reflect  .   (no gloves)
MR       .....                  n - +1 pair of boots
Stlth    +.........             (no amulet)
HPRegen  0.22/turn              (no ring)
MPRegen  0.12/turn              (no ring)

@: lethally poisoned (-4 -> -20)
A: retaliatory headbutt, horns 2
a: Depart the Abyss, Bend Space, Banish, Renounce Religion


You were on level 7 of the Dungeon.
You worshipped Lugonu.
Lugonu was pleased with you.
You were hungry.

You visited 1 branch of the dungeon, and saw 7 of its levels.

You collected 520 gold pieces.

Inventory:

Hand Weapons
 a - a +0 whip
 b - a +1 triple crossbow of flaming (weapon)
 h - a +0 blowgun
Missiles
 f - 6 curare-tipped needles
 q - 1464 arrows
 x - 169 bolts (quivered)
 D - 104 poisoned needles
Armour
 d - a +2 hat (worn)
 m - a +0 cloak
 n - a +1 pair of boots (worn)
 v - a +0 scale mail (worn)
 F - a +0 plate armour
 K - a +0 cloak
Jewellery
 M - an uncursed ring of flight {unknown}
Wands
 s - a wand of acid (13)
 A - a wand of charming (9)
Scrolls
 g - 4 scrolls of revelation
 i - 4 scrolls of identify
 p - 2 scrolls of teleportation
 r - a scroll of remove curse
 u - a scroll of noise {unknown}
 w - a scroll of immolation {unknown}
 y - a scroll of amnesia {unknown}
 C - a scroll of enchant armour
 G - a scroll of torment {unknown}
 J - a scroll of blinking {unknown}
Potions
 c - 3 potions of lignification {unknown}
 k - 2 potions of might {unknown}
 l - 5 potions of curing
 o - 2 potions of invisibility {unknown}
 t - a potion of berserk rage
 z - 2 potions of brilliance {unknown}
 B - a potion of agility {unknown}
 E - a potion of cancellation {unknown}
 H - a potion of mutation {unknown}
 I - a potion of flight {unknown}
 L - 2 potions of resistance {unknown}
 N - a potion of degeneration {unknown}
Comestibles
 e - 5 rations {!d}


   Skills:
 - Level 5.0 Fighting
 - Level 1.2 Maces & Flails
 + Level 10.4 Crossbows
 - Level 4.0 Dodging
 - Level 2.6 Stealth
 + Level 5.1 Invocations
 - Level 4.0 Evocations


You had 8 spell levels left.
You didn't know any spells.
Your spell library contained the following spells:

 Spells                   Type           Power        Failure   Level  Hunger
 Sting                    Conj/Pois      #...         75%         1    None
 Poisonous Vapours        Pois/Air       #.....       86%         2    ####...
 Ignite Poison            Fire/Tmut/Pois #.......     98%         3    #####..
 Olgreb's Toxic Radiance  Pois           #........    100%        4    ######.
 Summon Scorpions         Summ/Pois      #.......     100%        4    ######.
 Venom Bolt               Conj/Pois      #.........   100%        5    #######


Dungeon Overview and Level Annotations

Branches:
Dungeon (7/12)             Temple (0/1) D:5            Lair (0/6) D:7

Altars:
Ashenzari
Elyvilon
Lugonu
Qazlal

Shops:
D:4 (   D:7 (

Annotations:
D:7 Joseph


Innate Abilities, Weirdness & Mutations

You reflexively headbutt those who attack you in melee.
You have a pair of horns on your head.


Message History

The orc hits you but does no damage.
The basilisk bites you but does no damage.
You turn to flesh and can move again.
Firing (i - inventory)
x - 169 bolts (quivered)
Press: ? - help, Shift-Dir - straight line, f/p - basilisk
Aim: a basilisk (severely wounded)
Okay, then.
Okay, then.
As you read the scroll labeled REPISE COWI, it crumbles to dust.
It is a scroll of enchant armour.
Your +1 hat glows green for a moment.
* * * LOW HITPOINT WARNING * * *
You feel sick.
The orc warrior hits you from afar with a cursed -1 halberd.
* * * LOW HITPOINT WARNING * * *
You hear some strange, mumbled words.
A puff of flame appears from out of thin air!
The puff of flame misses you.
The puff of flame hits the orc warrior!
The orc hits you with a +0 flail.
You die...

....#........#........#
..P.#........#........#.
.............#........'.
.............#...#
>............#...##
.............#..).#
.............#....#
.P..#........#.ol{#
....#........###@##
...##........#...#
..###........#o..##
...#..............#
#..##########.#####
#........# #.....#
.........# #.....+
.........# #.....#
########## #.....#


You could see a basilisk, an orc warrior and an orc.

Vanquished Creatures
  An elephant (D:7)
  2 hippogriffs
  A hungry ghost (D:6)
  A crocodile (D:7)
  3 sky beasts (D:5)
  An ice beast (D:7)
  3 ogres
  2 phantoms
  A kobold brigand (D:7)
  4 centaurs
  2 orc priests (D:3)
  A crimson imp (D:5)
  A hound (D:3)
  An orc wizard (D:6)
  Terence (D:2)
  3 worker ants
  A killer bee zombie (D:7)
  A hound zombie (D:7)
  3 hound skeletons
  A worker ant zombie (D:7)
  A howler monkey skeleton (D:5)
  3 gnolls (D:3)
  7 adders
  A shadow imp (D:5)
  An adder skeleton (D:4)
  3 worms
  4 dart slugs
  4 leopard geckos
  19 orcs
  4 bats
  8 goblins
  8 hobgoblins
  6 jackals
  A quokka (D:2)
  8 frilled lizards
  A jackal zombie (D:5)
  15 kobolds
  A quokka zombie (D:5)
  7 rats
136 creatures vanquished.

Notes
Turn   | Place    | Note
-------+----------+-------------------------------------------
     0 | D:1      | Finalfun the Minotaur Archaeologist began the quest for the
                  | Orb.
     0 | D:1      | Reached XP level 1. HP: 16/16 MP: 0/0
    71 | D:1      | Reached XP level 2. HP: 23/23 MP: 1/1
   357 | D:1      | Reached XP level 3. HP: 30/30 MP: 2/2
  1086 | D:2      | Noticed Terence
  1105 | D:2      | Killed Terence
  1106 | D:2      | Reached skill level 1 in Evocations
  1106 | D:2      | Reached XP level 4. HP: 19/40 MP: 3/3
  1729 | D:3      | Found a faded altar of an unknown god.
  1924 | D:3      | Reached XP level 5. HP: 47/47 MP: 5/5
  1924 | D:3      | Identified a scroll of acquirement
  1932 | D:3      | Identified the amulet "Zyura" {RegenMP Int+5 Dex+3} (You
                  | acquired it on level 3 of the Dungeon)
  2147 | D:3      | Reached skill level 1 in Crossbows
  2219 | D:3      | Reached skill level 5 in Fighting
  2295 | D:3      | Found a shattered altar of Ashenzari.
  2304 | D:3      | Noticed an ogre
  2308 | D:3      | Killed an ogre
  2309 | D:3      | Reached skill level 2 in Crossbows
  2309 | D:3      | Reached XP level 6. HP: 56/56 MP: 7/7
  2794 | D:3      | Found a corrupted altar of Lugonu.
  2890 | D:3      | Became a worshipper of Lugonu the Unformed
  2922 | D:3      | Reached skill level 3 in Crossbows
  3018 | D:4      | Found Qotudun's Weapon Shoppe.
  3029 | D:4      | Reached XP level 7. HP: 61/61 MP: 8/8
  3330 | D:4      | Reached skill level 4 in Crossbows
  3675 | D:5      | Entered Level 5 of the Dungeon
  3677 | D:5      | Reached skill level 5 in Crossbows
  3695 | D:5      | Found a stormy altar of Qazlal.
  3695 | D:5      | Found a staircase to the Ecumenical Temple.
  3744 | D:5      | Reached skill level 6 in Crossbows
  4155 | D:5      | Found a white marble altar of Elyvilon.
  4224 | D:6      | Noticed a hippogriff
  4230 | D:6      | Killed a hippogriff
  4231 | D:6      | Reached skill level 7 in Crossbows
  4231 | D:6      | Reached XP level 8. HP: 65/68 MP: 10/10
  4467 | D:5      | Reached skill level 8 in Crossbows
  4510 | D:6      | Reached ** piety under Lugonu
  4617 | D:6      | Reached skill level 1 in Invocations
  4710 | D:6      | Reached skill level 9 in Crossbows
  5387 | D:7      | Found Koqa's Weapon Shop.
  5404 | D:7      | Noticed a hippogriff
  5405 | D:7      | Noticed an elephant
  5410 | D:7      | Noticed Joseph
  5416 | D:7      | Reached XP level 9. HP: 44/74 MP: 11/11
  5568 | D:7      | Killed an elephant
  5569 | D:7      | Reached skill level 10 in Crossbows
  5674 | D:7      | Reached skill level 5 in Invocations
  5708 | D:7      | Found a staircase to the Lair.
  5797 | D:7      | HP: 1/74 [orc warrior/cursed -1 halberd (4)]
  5797 | D:7      | Slain by an orc

Skill      XL: |  1  2  3  4  5  6  7  8  9 |
---------------+----------------------------+-----
Dodging        | 4 |  4.0
Fighting       | 2 3 4 5 |  5.0
Evocations     | 1 2 3 4 |  4.0
Crossbows      | 2 3 7 9 10 | 10.4
Invocations    | 3 5 |  5.1
Maces & Flails | |  1.2
Stealth        | |  2.6

Action                   |  1- 3 |  4- 6 |  7- 9 || total
-------------------------+-------+-------+-------++-------
Melee: Whip              |    97 |    95 |   153 ||   345
       Headbutt          |    13 |    22 |    11 ||    46
 Fire: Triple crossbow   |       |    45 |   106 ||   151
Invok: Bend Space        |       |       |     1 ||     1
Evoke: Wand              |     1 |       |       ||     1
  Use: Scroll            |     1 |     3 |     3 ||     7
       Potion            |       |       |     1 ||     1
 Stab: Sleeping          |     6 |       |       ||     6
  Eat: Chunk             |     3 |    12 |    14 ||    29
       Ration            |       |       |     7 ||     7
Armor: Robe              |    25 |       |       ||    25
       Scale mail        |       |    78 |   131 ||   209
Dodge: Dodged            |    68 |    86 |   118 ||   272
